Map: Battle on the Boardwalk LE

Players

SamuraiFunn - Winner!

  • Race: Protoss Protoss
  • League: Platinum
  • Spawn Location: 1:00

A.I. 1 (Elite)

  • Race: Zerg Zerg
  • Spawn Location: 11:00

VOD

Have the link to the VOD?

Description

Time

  • Played on: Nov. 26, 2017, 10:55 p.m.
  • Length: 29:20
Show
View Real Time Build Order
Export as new Build Order

SamuraiFunn Protoss - Winner!

Build Orders:  

Get SALT Encoding   

  12  0:01  Probe  
  13  0:13  Probe  
  14  0:22  Pylon  
  14  0:26  Probe  
  15  0:40  Probe  
  16  0:46  Gateway  
  16  0:52  Probe (Chrono Boost), Assimilator  
  18  1:04  Probe (Chrono Boost)  
  18  1:08  Probe (Chrono Boost)  
  19  1:12  Gateway  
  19  1:18  Probe  
  20  1:24  Assimilator  
  20  1:34  Probe  
  20  1:38  Pylon  
  21  1:42  Zealot (Chrono Boost)  
  23  1:56  Probe  
  24  2:09  Probe  
  24  2:15  Cybernetics Core  
  25  2:21  Probe  
  26  2:33  Nexus  
  26  2:35  Pylon  
  26  2:47  Probe  
  26  2:50  Pylon  
  27  2:55  Warp Gate (Chrono Boost)  
  27  3:00  Probe  
  28  3:10  Gateway  
  28  3:12  Probe  
  29  3:13  Gateway  
  29  3:24  Probe, Twilight Council  
  30  3:27  Stalker  
  30  3:33  Stalker  
  34  3:37  Probe  
  35  3:47  Probe  
  36  3:50  Probe  
  37  3:58  Assimilator  
  37  4:08  Probe  
  37  4:09  Probe  
  39  4:12  Pylon  
  39  4:23  Probe x2  
  41  4:35  Probe x2  
  41  4:37  Templar Archives  
  43  4:39  Pylon  
  43  4:47  Probe  
  43  4:48  Probe  
  43  4:49  Blink (Chrono Boost)  
  45  4:53  Forge  
  45  4:59  Probe  
  46  5:00  Probe, Forge  
  47  5:12  Probe x2  
  49  5:21  High Templar x4  
  51  5:23  Assimilator  
  51  5:24  Probe x2  
  59  5:36  Probe x2  
  59  5:42  Nexus  
  61  5:44  Protoss Shields Level 1  
  61  5:48  Probe x2  
  63  5:51  Protoss Ground Weapons Level 1  
  63  6:01  Probe x2  
  65  6:05  Assimilator  
  65  6:09  Assimilator  
  65  6:11  Pylon  
  65  6:13  Probe x2  
  65  6:14  Pylon  
  65  6:17  Psionic Storm, Pylon  
  67  6:18  Stalker  
  67  6:19  Stalker x2  
  67  6:25  Probe x2  
  75  6:41  Probe x2  
  77  6:53  Probe x2  
  79  6:56  Probe  
  80  7:01  Stalker x2  
  80  7:02  Stalker x2  
  80  7:05  Probe  
  80  7:06  Probe  
  90  7:08  Probe  
  91  7:18  Probe x2, Gateway  
  91  7:19  Gateway  
  91  7:21  Probe  
  94  7:23  Gateway  
  94  7:30  Probe x2  
  94  7:33  Probe  
  97  7:39  Stalker x4  
  97  7:42  Probe x2  
  107  7:45  Probe, Protoss Shields Level 2 (Chrono Boost), Protoss Ground Armor Level 1 (Chrono Boost)  
  108  7:55  Probe x2  
  110  8:11  Pylon  
  110  8:14  Nexus  
  110  8:16  Assimilator  
  110  8:20  Assimilator  
  110  8:24  Probe x3  
  113  8:33  Stalker  
  115  8:34  Stalker x3  
  115  8:40  High Templar x2  
  125  8:51  Pylon  
  125  8:55  Pylon  
  125  8:57  Pylon  
  125  9:12  Stalker x4  
  125  9:16  Stalker  
  125  9:17  Stalker x2  
  139  9:28  Gateway  
  139  9:30  Gateway  
  139  9:32  Gateway  
  139  9:34  Gateway  
  139  9:36  Gateway  
  135  9:50  Protoss Ground Weapons Level 2 (Chrono Boost)  
  123  10:13  Stalker x3  
  123  10:14  Stalker x2  
  131  10:15  Stalker x2  
  105  10:49  Stalker  
  95  10:50  High Templar x4  
  95  10:52  High Templar x2  
  107  11:15  Stalker x3  
  107  11:16  Stalker x2  
  107  11:17  Stalker  
  119  11:20  Protoss Shields Level 3 (Chrono Boost)  
  119  11:46  Stalker x3  
  119  11:47  Stalker x4  
  127  11:48  Stalker x4  
  141  11:56  Protoss Ground Armor Level 2  
  141  12:02  Stalker  
  143  12:13  Gateway  
  143  12:14  Gateway  
  143  12:16  Gateway  
  143  12:18  Gateway  
  143  12:20  High Templar x3, Gateway  
  143  12:21  High Templar x2  
  143  12:22  Gateway  
  153  12:23  High Templar  
  153  12:24  Gateway, Stalker x2  
  153  12:25  Stalker x2  
  163  12:56  Pylon  
  163  12:57  Pylon  
  163  12:59  Pylon  
  163  13:01  Pylon  
  163  13:03  Pylon  
  163  13:04  Pylon  
  163  13:23  Stalker  
  163  13:24  Stalker x3  
  171  13:27  Stalker  
  171  13:28  Stalker x5  
  171  13:29  Stalker  
  171  13:31  Stalker  
  125  14:26  Stalker  
  125  14:27  Stalker x6  
  125  14:30  Archon  
  125  14:31  Archon x2  
  135  14:49  Stalker x2  
  135  14:50  Stalker x6  
  135  14:51  Stalker x3  
  147  15:17  Stalker x5  
  147  15:18  Stalker x4  
  147  15:19  Stalker x4  
  147  15:20  Stalker  
  147  15:21  Stalker x3  
  151  16:16  Stalker x2  
  151  16:17  Stalker x3  
  151  16:18  Stalker x6  
  167  16:20  Stalker x5  
  167  16:21  Stalker  
  183  16:44  Stalker x3  
  183  16:45  Stalker x5  
  191  17:39  Stalker  
  191  17:42  Stalker x5  
  191  18:35  Robotics Facility  
  191  18:36  Robotics Facility  
  191  18:37  Robotics Facility  
  191  18:39  Robotics Facility  
  191  18:41  Robotics Facility x2  
  191  19:01  Nexus  
  191  19:03  Assimilator  
  191  19:05  Assimilator  
  191  20:03  Immortal  
  199  20:25  Immortal  
Show
View Real Time Build Order
Export as new Build Order

A.I. 1 (Elite) Zerg 

Build Orders: Pool First 

Get SALT Encoding   

  12  0:00  Drone  
  13  0:12  Overlord  
  13  0:16  Drone  
  14  0:30  Drone x2  
  16  0:42  Spawning Pool  
  16  0:45  Drone  
  16  0:49  Drone  
  17  1:12  Hatchery  
  17  1:15  Drone  
  17  1:18  Extractor  
  17  1:22  Drone  
  17  1:26  Drone  
  17  1:30  Drone  
  19  1:38  Overlord  
  19  1:49  Drone  
  20  1:54  Queen  
  20  1:59  Zergling x2  
  23  2:10  Drone  
  24  2:21  Drone  
  25  2:24  Queen  
  27  2:34  Roach Warren  
  26  2:37  Drone  
  26  2:39  Extractor  
  26  2:42  Drone  
  27  2:48  Overlord  
  27  2:51  Drone  
  27  2:55  Drone  
  27  2:57  Drone  
  30  3:00  Drone  
  30  3:03  Drone  
  32  3:07  Zergling x2  
  32  3:10  Zergling x2  
  34  3:15  Roach  
  34  3:19  Roach  
  38  3:23  Roach  
  40  3:27  Roach  
  40  3:30  Drone  
  40  3:31  Drone  
  44  3:37  Overlord  
  44  3:45  Lair  
  44  3:49  Metabolic Boost  
  44  3:54  Overlord  
  44  3:57  Drone  
  44  3:58  Drone  
  44  4:01  Drone  
  47  4:03  Zergling x2  
  47  4:06  Zergling x2  
  47  4:08  Zergling x2  
  50  4:15  Drone, Evolution Chamber  
  50  4:20  Drone, Evolution Chamber  
  50  4:23  Drone  
  51  4:25  Drone  
  51  4:27  Drone  
  51  4:29  Drone  
  54  4:41  Zerg Missile Weapons Level 1  
  54  4:46  Zerg Ground Armor Level 1  
  54  4:47  Hydralisk Den, Drone  
  54  4:51  Overlord  
  54  4:54  Roach  
  54  4:55  Zergling x2  
  54  4:58  Roach  
  58  5:09  Drone x2, Overlord  
  58  5:11  Drone  
  58  5:13  Drone  
  62  5:16  Drone  
  62  5:18  Drone  
  64  5:25  Hydralisk  
  64  5:26  Drone  
  64  5:27  Hydralisk, Overlord  
  69  5:29  Hydralisk  
  71  5:37  Hydralisk  
  71  5:40  Drone  
  74  5:44  Extractor  
  74  5:47  Extractor  
  74  5:48  Drone  
  73  5:51  Drone  
  73  5:54  Drone x2, Infestation Pit, Overlord  
  75  5:59  Drone  
  75  6:03  Drone  
  77  6:08  Evolution Chamber  
  77  6:09  Drone  
  77  6:13  Drone, Hatchery  
  77  6:20  Drone  
  77  6:22  Overlord  
  77  6:23  Drone, Roach  
  77  6:25  Drone  
  82  6:29  Ravager  
  82  6:31  Drone  
  84  6:33  Ravager  
  84  6:36  Zerg Melee Weapons Level 1, Drone  
  86  6:42  Roach  
  86  6:46  Overlord  
  88  6:51  Hydralisk, Infestor  
  88  6:52  Roach x2  
  96  6:58  Overseer  
  96  7:00  Infestor  
  98  7:05  Overlord  
  98  7:08  Hydralisk  
  98  7:13  Hydralisk  
  102  7:20  Hydralisk  
  104  7:23  Overlord  
  104  7:25  Drone x2  
  104  7:26  Drone  
  107  7:31  Drone  
  107  7:35  Drone x2, Extractor x2  
  108  7:42  Drone  
  108  7:43  Spine Crawler  
  108  7:45  Zerg Missile Weapons Level 2  
  108  7:46  Drone, Infestor  
  108  7:48  Drone, Spine Crawler  
  108  7:49  Drone x2  
  113  7:53  Drone  
  113  7:56  Infestor  
  113  7:57  Drone  
  117  8:04  Overlord  
  117  8:07  Drone  
  117  8:08  Roach  
  120  8:14  Zerg Ground Armor Level 2, Queen  
  120  8:15  Drone  
  120  8:17  Drone  
  120  8:18  Drone x4  
  128  8:26  Overlord  
  128  8:28  Pathogen Glands  
  128  8:29  Drone x2, Spore Crawler  
  128  8:30  Spore Crawler  
  128  8:37  Drone  
  128  8:39  Drone  
  128  8:40  Drone  
  131  8:46  Drone x2, Overlord  
  133  8:49  Drone  
  133  8:50  Drone  
  135  8:56  Spine Crawler  
  135  8:57  Drone  
  135  9:03  Roach  
  135  9:05  Roach, Overlord  
  139  9:10  Roach  
  139  9:11  Hydralisk  
  139  9:12  Hydralisk  
  139  9:13  Spine Crawler  
  139  9:15  Drone x2, Spore Crawler  
  139  9:16  Drone, Hatchery  
  145  9:23  Overlord  
  145  9:28  Zerg Melee Weapons Level 2  
  145  9:34  Overseer, Zergling x2  
  145  9:35  Zergling x8, Spine Crawler  
  145  9:37  Zergling x2, Spine Crawler  
  145  9:38  Zergling x2  
  147  9:39  Overseer, Spine Crawler  
  147  9:43  Zergling x6  
  147  9:44  Roach  
  147  9:45  Roach x2  
  144  9:48  Hydralisk, Infestor  
  144  9:49  Roach  
  118  9:53  Infestor, Roach x2  
  118  9:55  Hydralisk x2  
  118  9:56  Hydralisk  
  124  10:05  Hydralisk  
  124  10:06  Infestor, Ravager x2  
  128  10:08  Roach  
  128  10:11  Hydralisk  
  128  10:12  Infestor, Roach  
  136  10:19  Spore Crawler  
  135  10:22  Spore Crawler  
  135  10:24  Hydralisk x2, Roach, Spore Crawler  
  135  10:25  Roach x2, Overlord  
  135  10:27  Spine Crawler  
  140  10:29  Drone x3  
  140  10:30  Drone x2  
  142  10:35  Drone  
  142  10:37  Lurker Den  
  142  10:38  Drone  
  142  10:39  Drone  
  142  10:41  Zergling x4  
  138  10:43  Zergling x2  
  138  10:44  Zergling x2  
  138  10:46  Zergling x2, Drone  
  138  10:48  Zergling x4  
  142  10:50  Zergling x2  
  142  10:55  Hive  
  143  11:13  Extractor  
  143  11:15  Drone, Extractor  
  143  11:17  Drone  
  143  11:26  Spine Crawler  
  143  11:27  Zergling x2, Drone  
  143  11:28  Spine Crawler  
  143  11:30  Zergling x2, Drone  
  145  11:35  Spine Crawler  
  145  11:36  Drone  
  145  11:37  Spore Crawler  
  145  11:38  Drone  
  145  11:40  Queen  
  145  11:41  Overlord  
  147  11:51  Queen  
  149  12:03  Hydralisk  
  149  12:06  Zerg Missile Weapons Level 3  
  149  12:07  Zerg Melee Weapons Level 3  
  149  12:08  Lurker  
  152  12:09  Zerg Ground Armor Level 3  
  152  12:10  Hydralisk  
  152  12:11  Hatchery  
  152  12:13  Drone, Overlord  
  152  12:15  Spire  
  153  12:16  Drone  
  154  12:29  Spine Crawler  
  153  12:31  Drone  
  154  12:37  Spine Crawler  
  154  12:38  Drone  
  154  12:40  Drone, Spine Crawler  
  154  12:42  Spine Crawler  
  154  12:43  Drone  
  154  12:47  Viper  
  157  12:52  Zergling x2, Overlord  
  157  12:56  Zergling x2, Viper, Overseer  
  157  12:57  Overseer  
  162  13:02  Pneumatized Carapace  
  162  13:12  Hydralisk  
  162  13:15  Hydralisk, Overlord  
  162  13:19  Spore Crawler  
  165  13:20  Drone  
  165  13:21  Spore Crawler  
  165  13:22  Drone  
  165  13:24  Queen, Baneling Nest  
  165  13:25  Drone  
  165  13:27  Drone, Spore Crawler  
  167  13:28  Corruptor x2, Roach  
  167  13:29  Spine Crawler, Corruptor x2  
  167  13:30  Greater Spire, Drone, Extractor  
  167  13:32  Drone  
  177  13:37  Zergling x2  
  177  13:39  Zergling x2  
  177  13:40  Zergling x2  
  174  13:41  Zergling x2  
  174  13:42  Zergling x2, Drone, Ultralisk Cavern  
  174  13:43  Zergling x4  
  174  13:45  Hatchery, Lurker  
  168  13:49  Drone  
  168  13:50  Zergling x2  
  168  13:51  Zergling x2  
  163  14:02  Roach x3  
  155  14:03  Roach x2  
  155  14:05  Hydralisk  
  155  14:06  Roach  
  155  14:08  Hydralisk x2  
  145  14:11  Baneling, Zergling x2  
  145  14:15  Zergling x2  
  145  14:16  Zergling x2  
  141  14:17  Zergling x2  
  141  14:19  Zergling x2, Corruptor  
  141  14:22  Zergling x2  
  141  14:24  Corruptor x2  
  131  14:26  Ravager  
  131  14:27  Roach  
  131  14:28  Hydralisk  
  131  14:29  Ultralisk  
  136  14:35  Ultralisk  
  139  14:45  Spire  
  138  14:46  Ultralisk  
  138  14:47  Drone  
  145  14:55  Ultralisk  
  147  15:00  Zergling x2  
  147  15:01  Zergling x4  
  147  15:02  Zergling x2  
  147  15:03  Zergling x2  
  147  15:05  Zergling x2  
  147  15:06  Hydralisk  
  131  15:09  Roach  
  131  15:12  Roach  
  115  15:14  Roach  
  115  15:16  Roach  
  115  15:19  Corruptor  
  106  15:31  Hydralisk  
  106  15:34  Hydralisk  
  110  15:36  Hydralisk  
  110  15:37  Hatchery  
  110  15:38  Drone  
  110  15:40  Drone  
  105  15:43  Zergling x2  
  105  15:45  Zergling x2  
  77  15:51  Corruptor  
  47  16:22  Hydralisk, Zergling x2, Roach x2  
  53  16:26  Brood Lord  
  53  16:27  Drone, Roach  
  53  16:29  Roach  
  53  16:32  Zergling x2  
  57  16:37  Hydralisk  
  56  16:46  Drone  
  28  17:24  Queen  
  28  17:27  Hatchery  
  28  17:29  Zergling x2  
  21  17:48  Zergling x4, Drone x2, Roach x2  
  21  18:08  Overlord  
  14  18:26  Drone  
  15  18:28  Overlord  
  15  18:32  Hatchery  
  14  18:59  Drone  
  15  19:10  Hatchery  
  14  19:32  Hatchery  
  13  19:46  Spawning Pool  
  13  19:52  Drone  
  13  19:58  Drone  
  12  20:17  Hatchery  
  11  20:38  Drone x2  
  11  20:39  Drone  
  13  20:43  Drone  
  13  20:45  Hatchery  
  13  20:47  Roach Warren  
  13  20:48  Drone  
  13  20:53  Drone  
  14  20:58  Drone  
  14  21:03  Drone  
  13  21:37  Drone x2  
  14  21:41  Drone  
  14  21:45  Drone  
  16  21:58  Queen  
  18  22:03  Zergling x2  
  19  22:09  Zergling x2  
  19  22:15  Roach  
  22  22:20  Roach  
  24  22:26  Roach  
  24  22:29  Drone  
  27  22:31  Drone  
  27  22:35  Drone  
  29  22:37  Drone  
  29  22:41  Drone  
  31  22:45  Drone  
  31  22:48  Drone  
  34  22:51  Drone  
  34  22:56  Roach  
  36  23:05  Lair  
  36  23:38  Drone  
  37  24:04  Hydralisk Den  
  36  24:10  Infestation Pit  
  28  24:33  Zergling x2  
  26  24:46  Infestor  
  26  24:52  Roach  
  22  25:11  Drone x2  
  23  25:35  Drone  
  24  25:39  Hydralisk, Queen  
  24  25:40  Drone, Roach  
  30  25:47  Drone  
  30  25:48  Drone  
  32  25:50  Drone  
  32  26:00  Drone x2  
  27  26:20  Drone  
  27  26:23  Drone  
  27  26:25  Drone  
  30  26:32  Hydralisk, Drone, Overlord  
  32  26:33  Drone, Roach  
  34  26:56  Drone  
  34  26:59  Hydralisk, Drone, Roach, Overlord  
  38  27:21  Drone x2, Roach  
  41  27:24  Extractor  
  39  27:36  Zergling x2  
  38  27:39  Drone  
  33  27:45  Roach  
  25  27:57  Queen, Drone, Roach  
  23  28:27  Drone, Overlord  
  23  28:32  Roach  
  25  28:43  Overseer  
  25  28:46  Roach  
Tags
 
Add a new tag
Caveats
  • Supply blocks, unpowered buildings, or Contaminate may cause inaccurate times.
  • Supply counts are checked every 10 seconds.